[Event "Team 45 45 League T44"]
[Site "Internet Chess Club"]
[Date "2010.03.06"]
[Round "5"]
[White "smitty120"]
[Black "justice02"]
[Result "0-1"]
[WhiteElo "1932"]
[BlackElo "1650"]
[Opening "Caro-Kann: two knights variation"]
[ECO "B10"]
[Time "10:01:42"]
[TimeControl "2700+45"]

1. e4 c6 2. Nf3 d5 3. Nc3 dxe4 4. Nxe4 Bf5 5. Ng3 Bg6 6. d4 Nf6 7. Bc4 e6 8. O-O
Be7 9. c3 Nbd7 10. Re1 O-O 11. Qe2 Nd5 12. Ne4 h6 13. Nc5 Nxc5 14. dxc5 Bxc5 15.
Ne5 Bh7 16. Qh5 Qf6 17. Re2 Rad8 18. Ng4 Qf5 19. Qh3 Kh8 20. Re5 Bxf2+ 21. Kh1
Nf4 22. Bxf4 Qxf4 23. Bb3 Bb6 24. Rae1 Rd3 25. g3 Qf3+ {White resigns} 0-1

[Event "Team 45 45 League T44"]
[Site "Internet Chess Club"]
[Date "2010.03.07"]
[Round "5"]
[White "Goli"]
[Black "ddlj81"]
[Result "1/2-1/2"]
[WhiteElo "1784"]
[BlackElo "1828"]
[Opening "Ruy Lopez: open (Tarrasch) defense"]
[ECO "C80"]
[Time "16:30:17"]
[TimeControl "2700+45"]

1. e4 e5 2. Nf3 Nc6 3. Bb5 a6 4. Ba4 Nf6 5. O-O Nxe4 6. Re1 Nc5 7. Bxc6 dxc6 8.
Nxe5 Be7 9. d4 Ne6 10. Be3 O-O 11. c3 Bd6 12. Nf3 c5 13. d5 Nf4 14. Qd2 Nxd5 15.
Na3 Nxe3 16. Qxe3 b5 17. Rad1 Qf6 18. Nb1 Bg4 19. Nbd2 Qg6 20. Qe4 Bf5 21. Qe3
h6 22. Nh4 Qh5 23. Nxf5 Bxh2+ 24. Kf1 Qxf5 25. g3 Rae8 26. Qf3 Rxe1+ 27. Rxe1
Qc2 28. Qe2 Qxb2 29. Ne4 Qxe2+ 30. Rxe2 f5 31. Nxc5 f4 32. Ne6 Rf7 33. Nxf4 Bxg3
34. fxg3 g5 35. Re4 gxf4 36. gxf4 Kg7 37. a4 Kf6 38. axb5 axb5 39. Re5 c6 40.
Rc5 Ke7 41. Rxc6 Rxf4+ 42. Kg2 Rc4 43. Rxh6 Rxc3 44. Rb6 Rc5 45. Kf3 Kd7 46. Ke3
Kc7 47. Rh6 b4 48. Kd3 Rc3+ 49. Kd2 Rc5 50. Rh4 Rb5 51. Kc2 Kb6 52. Kb3 Ka5 53.
Rh8 Rg5 54. Ra8+ Kb5 55. Rb8+ Ka5 56. Ra8+ Kb6 57. Kxb4 {Game drawn by mutual
agreement} 1/2-1/2

[Event "Team 45 45 League T44"]
[Site "Internet Chess Club"]
[Date "2010.03.04"]
[Round "5"]
[White "LukeOZade"]
[Black "byebyebadman"]
[Result "0-1"]
[WhiteElo "1770"]
[BlackElo "1828"]
[Opening "Sicilian: accelerated fianchetto, exchange variation"]
[ECO "B34"]
[Time "14:44:27"]
[TimeControl "2700+45"]

1. e4 c5 2. Nf3 Nc6 3. d4 cxd4 4. Nxd4 g6 5. Nxc6 bxc6 6. Bc4 Bg7 7. O-O d6 8.
Nc3 Nf6 9. e5 Ng4 10. exd6 Qxd6 11. Qxd6 exd6 12. Re1+ Be6 13. Bxe6 fxe6 14.
Rxe6+ Kd7 15. Re4 Rae8 16. Bd2 Bxc3 17. Rxe8 Rxe8 18. Bxc3 Re2 19. h3 Nxf2 20.
Rf1 Ne4 21. Rf7+ Ke6 22. Rxa7 Rxc2 23. a4 Nxc3 24. bxc3 Rxc3 25. a5 Ra3 26. a6
Ra2 27. Ra8 Kd5 28. g4 c5 29. h4 Kd4 30. h5 gxh5 31. gxh5 c4 32. h6 c3 33. a7 c2
34. Rc8 Kd3 35. a8=Q Rxa8 36. Rxa8 c1=Q+ 37. Kf2 Qe3+ 38. Kf1 Qf3+ {White
resigns} 0-1

[Event "Team 45 45 League T44"]
[Site "Internet Chess Club"]
[Date "2010.03.08"]
[Round "5"]
[White "Yedixon"]
[Black "siddhu"]
[Result "0-1"]
[WhiteElo "1749"]
[BlackElo "1862"]
[Opening "Bird's opening"]
[ECO "A03"]
[Time "11:14:11"]
[TimeControl "2700+45"]

1. f4 d5 2. Nf3 g6 3. e3 Nf6 4. Be2 Bg7 5. O-O O-O 6. d3 c5 7. Nc3 Nc6 8. Qe1 b6
9. e4 dxe4 10. dxe4 Nd4 11. Bd1 Bb7 12. e5 Nxf3+ 13. Bxf3 Nd5 14. Qg3 Nxc3 15.
bxc3 Qc7 16. Bxb7 Qxb7 17. f5 Qe4 18. f6 exf6 19. exf6 Bh8 20. Bh6 Rfe8 21. h4
Qxc2 22. h5 Re6 23. Rac1 Qxa2 24. hxg6 hxg6 25. Ra1 Qd5 26. Rxa7 Rxa7 27. Qb8+
Kh7 28. Qxa7 Rxf6 29. Bf4 g5 30. Bg3 Rxf1+ 31. Kxf1 Qf5+ 32. Kg1 Bxc3 33. Qxb6
Bd4+ 34. Kh2 Qg6 {White resigns} 0-1

[Event "Team 45 45 League T44"]
[Site "Internet Chess Club"]
[Date "2010.03.08"]
[Round "5"]
[White "bondguy01"]
[Black "Oblique"]
[Result "1-0"]
[WhiteElo "1695"]
[BlackElo "1685"]
[Opening "English: Caro-Kann defensive system"]
[ECO "A11"]
[Time "19:00:18"]
[TimeControl "2700+45"]

1. c4 c6 2. g3 d5 3. Bg2 Nf6 4. Nf3 Bg4 5. Ne5 Bf5 6. cxd5 cxd5 7. Nc3 e6 8. g4
Bxg4 9. Nxg4 Nxg4 10. Qa4+ Nc6 11. Qxg4 g6 12. O-O Bg7 13. d3 f5 14. Qa4 a6 15.
Bd2 O-O 16. Rac1 b5 17. Qd1 Ne5 18. a3 g5 19. Kh1 f4 20. f3 h5 21. b3 g4 22. d4
Ng6 23. Be1 Bf6 24. Qd3 Kg7 25. e4 fxe3 26. fxg4 hxg4 27. Bg3 Bg5 28. Ne2 Rf7
29. Rxf7+ Kxf7 30. Rf1+ Kg7 31. Nf4 Nxf4 32. Bxf4 Bxf4 33. Rxf4 {Black resigns}
1-0

[Event "Team 45 45 League T44"]
[Site "Internet Chess Club"]
[Date "2010.03.07"]
[Round "5"]
[White "g8wrb"]
[Black "Lionskins"]
[Result "0-1"]
[WhiteElo "1585"]
[BlackElo "1623"]
[Opening "Sicilian: Alapin's variation (2.c3)"]
[ECO "B22"]
[Time "14:01:54"]
[TimeControl "2700+45"]

1. e4 c5 2. c3 Nc6 3. d4 cxd4 4. cxd4 Nf6 5. Nc3 Qa5 6. Qd3 a6 7. Nf3 Nb4 8. Qd2
e6 9. Be2 h6 10. O-O b5 11. a3 Bb7 12. Qf4 Nc2 13. Rb1 b4 14. axb4 Qxb4 15. Bd2
Nxd4 16. Nxd4 Qxd4 17. Be3 Qb4 18. e5 Qxf4 19. Bxf4 Nd5 20. Nxd5 Bxd5 21. Rfc1
Be7 22. Rc7 Bd8 23. Rc5 Bb6 24. Rc3 Ke7 25. Ra3 a5 26. Rc1 Rhb8 27. Bc4 Bc6 28.
Be3 Bxe3 29. Rxe3 Rxb2 30. h3 a4 31. Ra3 Ra5 32. Rca1 Rb4 33. Bb3 axb3 34. Rxa5
b2 35. Rb1 Be4 36. Raa1 bxa1=Q 37. Rxa1 Rb5 38. f4 Rb2 39. g3 Rg2+ 40. Kh1 Ra2+
{White resigns} 0-1

[Event "Team 45 45 League T44"]
[Site "Internet Chess Club"]
[Date "2010.03.07"]
[Round "5"]
[White "tsia68"]
[Black "QueensCounselor"]
[Result "1/2-1/2"]
[WhiteElo "1841"]
[BlackElo "2089"]
[Opening "English: Bremen system with ...g6"]
[ECO "A24"]
[Time "13:04:03"]
[TimeControl "2700+45"]

1. c4 e5 2. Nc3 Nf6 3. g3 g6 4. Bg2 Bg7 5. Nf3 d6 6. d4 exd4 7. Nxd4 Nbd7 8. O-O
O-O 9. h3 Ne5 10. b3 Rb8 11. f4 Ned7 12. e4 Re8 13. Rb1 Nc5 14. Re1 a5 15. a3
Bd7 16. b4 Ne6 17. Ndb5 Nh5 18. Qd3 Bc6 19. Kh2 axb4 20. axb4 Ra8 21. Be3 Bxb5
22. Nxb5 Ra2 23. Red1 Qe7 24. Rd2 Rea8 25. Rxa2 Rxa2 26. Qb3 Ra8 27. Qd3 Ra2 28.
Qb3 Ra8 29. Qd3 Ra2 30. Qb3 Ra8 31. Qd3 {Game drawn by repetition} 1/2-1/2

[Event "Team 45 45 League T44"]
[Site "Internet Chess Club"]
[Date "2010.03.06"]
[Round "5"]
[White "upsan"]
[Black "VietLion"]
[Result "0-1"]
[WhiteElo "1834"]
[BlackElo "1887"]
[Opening "Sicilian defense"]
[ECO "B30"]
[Time "15:01:21"]
[TimeControl "2700+45"]

1. e4 c5 2. Nf3 Nc6 3. c4 g6 4. Nc3 Bg7 5. d3 Nh6 6. Be3 d6 7. h3 f5 8. Qd2 Nf7
9. Ng5 O-O 10. Be2 e5 11. Nxf7 Rxf7 12. Bg5 Qf8 13. exf5 Bxf5 14. Bg4 Nd4 15. f3
a6 16. O-O-O b5 17. Bxf5 Rxf5 18. Nd5 Rxg5 {White resigns} 0-1

[Event "Team 45 45 League T44"]
[Site "Internet Chess Club"]
[Date "2010.03.07"]
[Round "5"]
[White "Kurukshetra"]
[Black "qs16"]
[Result "1/2-1/2"]
[WhiteElo "1699"]
[BlackElo "1757"]
[Opening "Sicilian"]
[ECO "B50"]
[Time "09:07:46"]
[TimeControl "2700+45"]

1. e4 c5 2. Nf3 d6 3. Nc3 Nf6 4. Bc4 e6 5. O-O Be7 6. d3 O-O 7. a4 Nc6 8. Ne2
Qc7 9. c3 d5 10. exd5 exd5 11. Bf4 Bd6 12. Bxd6 Qxd6 13. Ba2 Bg4 14. Ng3 Rfe8
15. h3 Bd7 16. Qd2 Re7 17. Rfe1 Rae8 18. Rxe7 Rxe7 19. Re1 h6 20. Rxe7 Qxe7 21.
Qf4 Be6 22. d4 cxd4 23. Nxd4 Bd7 24. Ndf5 Qe5 25. Qxe5 Nxe5 26. Ne7+ Kf8 27.
Nxd5 Nxd5 28. Bxd5 b6 29. Ne4 f5 30. Nd6 Ke7 31. Nc4 Nxc4 32. Bxc4 Bxa4 33. f4
Bc2 34. Kf2 g5 35. Ke3 Kd6 36. g3 a5 37. Kd4 gxf4 38. gxf4 Be4 39. Bb5 Bg2 40.
h4 Be4 41. b4 axb4 42. cxb4 {Game drawn by mutual agreement} 1/2-1/2

[Event "Team 45 45 League T44"]
[Site "Internet Chess Club"]
[Date "2010.03.06"]
[Round "5"]
[White "oldsj"]
[Black "Konstantinos"]
[Result "1-0"]
[WhiteElo "1578"]
[BlackElo "1719"]
[Opening "Sicilian: Labourdonnais-Löwenthal (Kalashnikov) variation"]
[ECO "B32"]
[Time "09:00:23"]
[TimeControl "2700+45"]

1. e4 c5 2. Nf3 Nc6 3. d4 cxd4 4. Nxd4 e5 5. Nb5 d6 6. N1c3 a6 7. Na3 Be7 8. Nd5
Nf6 9. Nxe7 Qxe7 10. Bd3 h6 11. O-O O-O 12. Re1 b5 13. c3 Bg4 14. f3 Be6 15. Be3
Rac8 16. Nc2 Rfd8 17. a4 Rb8 18. axb5 axb5 19. Qe2 b4 20. Bb5 bxc3 21. bxc3 Rdc8
22. c4 Bd7 23. Red1 Nd8 24. Ra7 Rb7 25. Rda1 Bxb5 26. cxb5 Nd7 27. Nb4 Nc5 28.
Nd5 Qe8 29. b6 Rcb8 30. Qc4 Nde6 31. Bxc5 Nxc5 32. Rxb7 Rxb7 33. Ra7 Qd7 34.
Rxb7 Qxb7 35. Qb5 Nd7 36. Qa5 Kf8 37. Qa7 Nc5 38. Kf1 Ke8 39. Ke2 Kd7 40. Kd2
Kc6 41. Kc3 Qxa7 42. bxa7 Kb7 43. Kc4 Kxa7 44. Ne7 Kb7 45. Nf5 Kc6 46. Nxg7 Kd7
47. Kd5 Nd3 48. g3 Nb4+ 49. Kc4 Nc6 50. Nf5 Ke6 51. Nxh6 Ne7 52. Ng4 f5 53. Nf2
fxe4 54. fxe4 d5+ 55. exd5+ Nxd5 56. Ne4 Ne3+ 57. Kd3 Ng4 58. h3 Nh6 59. Ke3 Kf5
60. Kf3 Nf7 61. g4+ Kg6 62. h4 Kg7 63. g5 Kg6 64. Kg4 Nh8 65. h5+ Kg7 66. Kf5
Nf7 67. g6 Nh6+ 68. Kxe5 Ng4+ 69. Kf5 Ne3+ 70. Kg5 Nd5 71. h6+ Kh8 72. Nf6 Ne7
73. g7# {Black checkmated} 1-0

[Event "Team 45 45 League T44"]
[Site "Internet Chess Club"]
[Date "2010.03.04"]
[Round "5"]
[White "Majamutu"]
[Black "la8pv"]
[Result "1/2-1/2"]
[WhiteElo "2026"]
[BlackElo "1736"]
[Opening "Scotch: Blumenfeld attack"]
[ECO "C45"]
[Time "10:00:30"]
[TimeControl "2700+45"]

1. e4 e5 2. Nf3 Nc6 3. d4 exd4 4. Nxd4 Bc5 5. Be3 Qf6 6. Nb5 Bxe3 7. fxe3 Qh4+
8. g3 Qxe4 9. Nxc7+ Kd8 10. Nxa8 Qxh1 11. Qd6 Nf6 12. Nd2 Qd5 13. Qc7+ Ke7 14.
O-O-O Nb4 15. a3 Na2+ 16. Kb1 Ne4 17. c4 Qh5 18. Kxa2 Nc3+ 19. bxc3 Qxd1 20.
Qe5+ Kd8 21. Qc7+ Ke7 22. Qe5+ Kd8 23. Qc7+ Ke7 {Game drawn by repetition}
1/2-1/2

[Event "Team 45 45 League T44"]
[Site "Internet Chess Club"]
[Date "2010.03.07"]
[Round "5"]
[White "EBK"]
[Black "CaoCao"]
[Result "1/2-1/2"]
[WhiteElo "1828"]
[BlackElo "1958"]
[Opening "Vienna game"]
[ECO "C27"]
[Time "10:10:12"]
[TimeControl "2700+45"]

1. e4 e5 2. Bc4 Nf6 3. Nc3 Nxe4 4. Qh5 Nd6 5. Qxe5+ Qe7 6. Qxe7+ Bxe7 7. Bb3 O-O
8. Nf3 c6 9. O-O Bf6 10. d3 Nf5 11. Bf4 d5 12. Rfe1 Be6 13. Ng5 Bxg5 14. Bxg5
Nd7 15. Ne2 h6 16. Bf4 Rfe8 17. Bd2 Nc5 18. Nf4 Nxb3 19. axb3 Nd4 20. Nxe6 fxe6
21. Rac1 e5 22. Bc3 c5 23. Bxd4 {Game drawn by mutual agreement} 1/2-1/2

[Event "Team 45 45 League T44"]
[Site "Internet Chess Club"]
[Date "2010.03.08"]
[Round "5"]
[White "primerpaso"]
[Black "saata"]
[Result "1-0"]
[WhiteElo "1846"]
[BlackElo "1366"]
[Opening "English opening"]
[ECO "A21"]
[Time "09:07:20"]
[TimeControl "2700+45"]

1. c4 e5 2. Nc3 g6 3. g3 Bg7 4. Bg2 c6 5. e4 Ne7 6. Nge2 O-O 7. O-O d6 8. d4 f5
9. Be3 Be6 10. d5 Bf7 11. f3 Nd7 12. dxc6 Nxc6 13. b3 Nc5 14. Nb5 fxe4 15. fxe4
Nd4 16. Nbxd4 exd4 17. Bxd4 Bxd4+ 18. Qxd4 Qe7 19. Nc3 Rad8 20. Rf2 Qe5 21. Qd2
Be6 22. Raf1 Bd7 23. Rxf8+ Rxf8 24. Rxf8+ Kxf8 25. Qf4+ Qxf4 26. gxf4 Nd3 27. f5
gxf5 28. exf5 Bxf5 29. Bxb7 Ke7 30. Be4 Bxe4 31. Nxe4 Nc1 32. Nc3 Ke6 33. Kf2
Ke5 34. Ke3 h5 35. Kd2 Kd4 36. Nb5+ Kc5 37. Kxc1 {Black resigns} 1-0

[Event "Team 45 45 League T44"]
[Site "Internet Chess Club"]
[Date "2010.03.08"]
[Round "5"]
[White "ferrari9182"]
[Black "theophilus"]
[Result "0-1"]
[WhiteElo "2066"]
[BlackElo "2167"]
[Opening "French: advance, Paulsen attack"]
[ECO "C02"]
[Time "15:08:12"]
[TimeControl "2700+45"]

1. e4 e6 2. d4 d5 3. e5 c5 4. c3 Nc6 5. Nf3 Qb6 6. a3 f6 7. Bd3 fxe5 8. dxe5 Nh6
9. O-O c4 10. Bc2 Nf7 11. Re1 Bc5 12. Re2 O-O 13. Bf4 Nd6 14. exd6 Rxf4 15. Qc1
Bxd6 16. Ng5 h6 17. g3 Rf8 18. Nh7 Re8 19. Bg6 Re7 20. Re3 Ne5 21. Qc2 Nxg6 22.
Qxg6 Rf7 23. Nd2 Bc5 24. Rf3 Rxf3 25. Nxf3 e5 26. Qh5 Bxf2+ 27. Kg2 Bc5 28. Rf1
Be3 29. Nxe5 Kxh7 30. b4 Qe6 31. Rf7 d4 32. Rf8 Qd5+ 33. Rf3 Qe4 34. Kf1 Qb1+
35. Ke2 Qc2+ 36. Ke1 Qd2+ 37. Kf1 Qd1+ {White resigns} 0-1

[Event "Team 45 45 League T44"]
[Site "Internet Chess Club"]
[Date "2010.03.06"]
[Round "5"]
[White "monsterpawn"]
[Black "koni"]
[Result "1-0"]
[WhiteElo "1972"]
[BlackElo "2025"]
[Opening "King's Indian: orthodox, Aronin-Taimanov, bayonet attack"]
[ECO "E97"]
[Time "12:00:53"]
[TimeControl "2700+45"]

1. d4 d6 2. Nf3 g6 3. c4 Bg7 4. Nc3 Nf6 5. e4 O-O 6. Be2 e5 7. O-O Nc6 8. d5 Ne7
9. b4 Nh5 10. Re1 f5 11. Ng5 Nf6 12. Bf3 c6 13. Bd2 h6 14. Ne6 Bxe6 15. dxe6
Nxe4 16. Bxe4 fxe4 17. Nxe4 d5 18. cxd5 cxd5 19. Nc5 b6 20. Nd7 Rf5 21. g4 Rf8
22. Nxf8 Qxf8 23. b5 Qf6 24. Bb4 Rd8 25. Rc1 Qxe6 26. Rc7 Rd7 27. Rxd7 Qxd7 28.
Bxe7 Qxe7 29. Qxd5+ Kh7 30. Rd1 Qb4 31. h3 Qa3 32. Kg2 Qb2 33. Qf7 Qc2 34. Rd7
Qe4+ 35. Kg1 Qe1+ 36. Kh2 {Black resigns} 1-0

[Event "Team 45 45 League T44"]
[Site "Internet Chess Club"]
[Date "2010.03.10"]
[Round "5"]
[White "poni"]
[Black "Marichan"]
[Result "1-0"]
[WhiteElo "1962"]
[BlackElo "1942"]
[Opening "King's Indian: fianchetto without c4"]
[ECO "A49"]
[Time "14:01:30"]
[TimeControl "2700+45"]

1. Nf3 Nf6 2. d4 g6 3. g3 Bg7 4. Bg2 O-O 5. O-O d6 6. c4 c6 7. Nc3 Qb6 8. Qb3
Qxb3 9. axb3 Nbd7 10. e4 e5 11. dxe5 dxe5 12. b4 b6 13. h3 Bb7 14. Be3 Rfd8 15.
c5 Ne8 16. Nd2 b5 17. Nb3 a6 18. Na5 Rdb8 19. Rfd1 Nf8 20. f4 f6 21. fxe5 fxe5
22. h4 Kf7 23. Bh3 Ke7 24. Bg5+ Bf6 25. Bh6 Ne6 26. Ne2 Ra7 27. Ra3 Ba8 28. Rad3
Rc7 29. Rd6 Nd4 30. Nxd4 exd4 31. Re6+ Kf7 32. e5 Bg7 33. Bxg7 Nxg7 34. Rf6+ Kg8
35. Rxd4 Nh5 36. Rf3 Re7 37. e6 Ng7 38. Rd6 Rc8 39. Rf7 Rce8 40. Rxe7 Rxe7 41.
Nxc6 {Black resigns} 1-0

[Event "Team 45 45 League T44"]
[Site "Internet Chess Club"]
[Date "2010.03.07"]
[Round "5"]
[White "vnchess"]
[Black "Uwak"]
[Result "0-1"]
[WhiteElo "2229"]
[BlackElo "2411"]
[Opening "King's Indian defense, 3.Nc3"]
[ECO "E61"]
[Time "01:07:44"]
[TimeControl "2700+45"]

1. d4 Nf6 2. c4 g6 3. Nc3 Bg7 4. g3 O-O 5. Bg2 d6 6. e4 Nbd7 7. Nge2 c5 8. O-O
cxd4 9. Nxd4 a6 10. h3 Qb6 11. Nb3 Qb4 12. Nd5 Nxd5 13. cxd5 Nb6 14. Be3 Nc4 15.
Bg5 h6 16. Bd2 Nxd2 17. Qxd2 Qxd2 18. Nxd2 Bxb2 19. Rab1 Bc3 20. Nc4 b5 21. Rfc1
b4 22. Na5 Bd7 23. a3 Rab8 24. Bf1 bxa3 25. Rxb8 Rxb8 26. Rxc3 a2 27. Ra3 Rb1
28. Rxa2 Bxh3 29. Nc6 Bxf1 30. Kh2 Kf8 31. g4 Re1 32. Rb2 Rxe4 33. Rb8+ Kg7 34.
f3 Re2+ 35. Kg1 Bh3 36. Rb7 Kf6 37. Ra7 Kg5 38. Rxe7 Rxe7 39. Nxe7 a5 {White
resigns} 0-1

[Event "Team 45 45 League T44"]
[Site "Internet Chess Club"]
[Date "2010.03.07"]
[Round "5"]
[White "searchforbobby1"]
[Black "SlimeDog2"]
[Result "1/2-1/2"]
[WhiteElo "2216"]
[BlackElo "2115"]
[Opening "Center game"]
[ECO "C22"]
[Time "22:07:10"]
[TimeControl "2700+45"]

1. e4 e5 2. d4 exd4 3. Qxd4 Nf6 4. Nc3 Nc6 5. Qe3 Bb4 6. Bd2 O-O 7. O-O-O Re8 8.
Qg3 Nxe4 9. Nxe4 Rxe4 10. c3 Bd6 11. f4 Qf6 12. Nh3 b6 13. Bd3 Ra4 14. Kb1 Ba6
15. Bc2 Ra5 16. Ng5 g6 17. Qh3 h5 18. Qxd7 Bb5 19. Ne4 Qe7 20. Qxe7 Bxe7 21. c4
Bxc4 22. Bxa5 Nxa5 23. Rd7 Bd8 24. Rhd1 Nb7 25. R7d4 Be6 26. Ba4 Be7 27. Bd7 Nc5
28. Nxc5 Bxc5 29. Bc6 Rf8 30. Rd8 Bf5+ 31. Ka1 Bd6 32. Rxf8+ Kxf8 33. g3 a5 34.
Re1 h4 35. Be4 Bxe4 36. Rxe4 hxg3 37. hxg3 g5 38. fxg5 Bxg3 39. Rg4 Bd6 40. g6
fxg6 41. Rxg6 Ke7 42. Kb1 Kd7 43. Kc2 Kc6 44. Kd3 Kc5 45. Rg5+ Kc6 46. Kc4 Bh2
47. a3 Bd6 48. Rh5 Bf4 49. Rf5 Bd6 50. Rf6 b5+ 51. Kd4 a4 52. Rg6 Kb6 53. Rh6
Kc6 {Game drawn by mutual agreement} 1/2-1/2

[Event "Team 45 45 League T44"]
[Site "Internet Chess Club"]
[Date "2010.03.07"]
[Round "5"]
[White "Gregorio"]
[Black "spacecadet"]
[Result "0-1"]
[WhiteElo "2021"]
[BlackElo "2196"]
[Opening "English, 1...Nf6 (Anglo-Indian defense)"]
[ECO "A15"]
[Time "14:47:17"]
[TimeControl "2700+45"]

1. c4 Nf6 2. g3 c6 3. Bg2 d5 4. Nf3 e6 5. b3 Bd6 6. Bb2 O-O 7. O-O Re8 8. d4 b6
9. Nbd2 Bb7 10. Qc2 Nbd7 11. e4 Nxe4 12. Nxe4 dxe4 13. Qxe4 Nf6 14. Qh4 h6 15.
Rad1 Qc7 16. Rfe1 Nd7 17. Nd2 e5 18. d5 f5 19. dxc6 Bxc6 20. Bh3 Rf8 21. Qh5 Nf6
22. Qe2 Nd7 23. Qd3 Nc5 24. Qc2 e4 25. Bf1 a5 26. Qc3 Rae8 27. Nf3 Ne6 28. a3
Rf7 29. Nd4 Nxd4 30. Qxd4 Bc5 31. Qd2 f4 32. g4 e3 33. fxe3 fxe3 {White resigns}
0-1

[Event "Team 45 45 League T44"]
[Site "Internet Chess Club"]
[Date "2010.03.07"]
[Round "5"]
[White "obientag"]
[Black "Cristina"]
[Result "1/2-1/2"]
[WhiteElo "1773"]
[BlackElo "2081"]
[Opening "Benkö gambit"]
[ECO "A57"]
[Time "14:47:50"]
[TimeControl "2700+45"]

1. d4 Nf6 2. c4 c5 3. d5 b5 4. b3 g6 5. Bb2 Bg7 6. Nd2 O-O 7. Ngf3 e6 8. e4 exd5
9. exd5 Re8+ 10. Be2 bxc4 11. bxc4 d6 12. O-O Nbd7 13. h3 Rb8 14. Bc3 Nb6 15.
Bd3 Bd7 16. a4 {Game drawn by mutual agreement} 1/2-1/2

[Event "Team 45 45 League T44"]
[Site "Internet Chess Club"]
[Date "2010.03.07"]
[Round "5"]
[White "ElCreyente"]
[Black "Kolibri"]
[Result "1/2-1/2"]
[WhiteElo "2298"]
[BlackElo "2092"]
[Opening "English opening"]
[ECO "A05"]
[Time "15:00:08"]
[TimeControl "2700+45"]

1. Nf3 Nf6 2. c4 e6 3. g3 b6 4. Bg2 Bb7 5. O-O d5 6. d4 Be7 7. Bg5 Nbd7 8. Ne5
O-O 9. Nc3 c6 10. Bxf6 Bxf6 11. Nxd7 Qxd7 12. cxd5 cxd5 13. e3 Ba6 14. Re1 {Game
drawn by mutual agreement} 1/2-1/2

[Event "Team 45 45 League T44"]
[Site "Internet Chess Club"]
[Date "2010.03.09"]
[Round "5"]
[White "fledermaus"]
[Black "trucazzo"]
[Result "1/2-1/2"]
[WhiteElo "1929"]
[BlackElo "2173"]
[Opening "Nimzo-Indian: three knights variation"]
[ECO "E21"]
[Time "15:20:14"]
[TimeControl "2700+45"]

1. d4 Nf6 2. Nf3 e6 3. c4 Bb4+ 4. Nc3 b6 5. e3 Ne4 6. Qc2 Bb7 7. Bd3 f5 8. O-O
Bxc3 9. bxc3 O-O 10. Nd2 Qh4 11. f3 Ng5 12. Nb3 d6 13. Qf2 Qh5 14. Be2 Qg6 15.
Qg3 Nd7 16. h4 Nf7 17. Qxg6 hxg6 18. c5 bxc5 19. dxc5 d5 20. Ba3 c6 21. Rab1
Rab8 22. Na5 Ba8 23. c4 Rxb1 24. Rxb1 Rb8 25. Rxb8+ Nxb8 26. cxd5 exd5 27. Kf2
Nd8 28. e4 Kf7 29. Ke3 Ne6 30. exd5 cxd5 31. Bb5 f4+ 32. Kd3 Nc7 33. Ba4 Ke6 34.
Kd4 Nd7 35. Nc6 Bxc6 36. Bxc6 Ne5 37. Ba4 a6 38. Bc1 Nb5+ 39. Bxb5 axb5 40. Bxf4
Nc6+ 41. Kc3 d4+ 42. Kd2 Kd5 43. Bd6 Nd8 44. g4 Nf7 45. Kd3 b4 46. f4 Nh6 47.
Be5 Nxg4 48. Bxd4 Nh6 49. Bxg7 Nf5 50. Bf8 Nxh4 51. Ke2 Nf5 52. Kf3 Nd4+ 53. Kg4
Ne6 54. c6 Kxc6 55. Bxb4 Nxf4 {Game drawn by mutual agreement} 1/2-1/2

[Event "Team 45 45 League T44"]
[Site "Internet Chess Club"]
[Date "2010.03.08"]
[Round "5"]
[White "lluisdp"]
[Black "baumhauer"]
[Result "1-0"]
[WhiteElo "2047"]
[BlackElo "1912"]
[Opening "Queen's pawn game"]
[ECO "A46"]
[Time "15:03:11"]
[TimeControl "2700+45"]

1. d4 Nf6 2. Nf3 e6 3. Bf4 b6 4. e3 Bb7 5. Nbd2 d5 6. Bd3 Nbd7 7. h3 c5 8. c3
Be7 9. Qe2 O-O 10. O-O Ne4 11. Ne5 Nxd2 12. Qxd2 Nxe5 13. dxe5 Bg5 14. Bh2 g6
15. f4 Bh6 16. Qf2 f6 17. exf6 Rxf6 18. g4 e5 19. Qh4 Bg7 20. g5 Rf7 21. fxe5
Re7 22. Rf6 Qe8 23. Raf1 Rd8 24. Qf4 Rdd7 25. Bb5 Bxf6 26. gxf6 Rf7 27. Qg4 a6
28. Bxd7 {Black resigns} 1-0

[Event "Team 45 45 League T44"]
[Site "Internet Chess Club"]
[Date "2010.03.05"]
[Round "5"]
[White "Holzschlange"]
[Black "PopolVuh"]
[Result "0-1"]
[WhiteElo "1867"]
[BlackElo "1915"]
[Opening "French: Winawer, Alekhine gambit, Kan variation"]
[ECO "C15"]
[Time "21:00:17"]
[TimeControl "2700+45"]

1. e4 e6 2. d4 d5 3. Nc3 Bb4 4. Ne2 dxe4 5. a3 Bxc3+ 6. Nxc3 Nc6 7. Bb5 Ne7 8.
Nxe4 O-O 9. c3 e5 10. Bxc6 Nxc6 11. d5 Ne7 12. c4 f5 13. Nc3 f4 14. f3 Nf5 15.
O-O Rf6 16. Re1 Rg6 17. Rxe5 Nh4 18. Bxf4 Rxg2+ 19. Kh1 Bh3 20. Bg3 Rxb2 21. Re2
Rxe2 22. Qxe2 Qf6 23. Rc1 Qxf3+ 24. Qxf3 Nxf3 25. Bxc7 Re8 26. Bg3 Nd2 27. Nb5
a6 28. Nd6 Re2 29. Rg1 Nf3 30. Nxb7 Nxg1 31. Kxg1 Rg2+ 32. Kf1 Rxg3+ 33. Kf2
Rxa3 34. c5 Kf8 35. d6 Bd7 {White resigns} 0-1

[Event "Team 45 45 League T44"]
[Site "Internet Chess Club"]
[Date "2010.03.09"]
[Round "5"]
[White "Warren"]
[Black "AugustoCaruso"]
[Result "0-1"]
[WhiteElo "2276"]
[BlackElo "2208"]
[Opening "Ruy Lopez: Schliemann defense"]
[ECO "C63"]
[Time "16:01:33"]
[TimeControl "2700+45"]

1. e4 e5 2. Nf3 Nc6 3. Bb5 f5 4. d3 Rb8 5. O-O d6 6. Nc3 Nf6 7. a3 f4 8. h3 g5
9. Nxg5 Rg8 10. Nxh7 Be6 11. Nxf6+ Qxf6 12. Qh5+ Kd8 13. Bxc6 bxc6 14. d4 exd4
15. Ne2 f3 16. Ng3 fxg2 17. Kxg2 Rb5 18. Qe2 Qh4 19. Rh1 Re5 20. Qd3 Rxe4 21. c4
dxc3 22. f4 Bd5 {White resigns} 0-1

[Event "Team 45 45 League T44"]
[Site "Internet Chess Club"]
[Date "2010.03.13"]
[Round "5"]
[White "QueensCounselor"]
[Black "cerassee"]
[Result "1/2-1/2"]
[WhiteElo "2073"]
[BlackElo "2023"]
[Opening "Dutch with c4 & g3"]
[ECO "A87"]
[Time "05:35:40"]
[TimeControl "2700+45"]

1. d4 f5 2. c4 Nf6 3. g3 d6 4. Bg2 g6 5. Nf3 Bg7 6. O-O O-O 7. Nc3 Qe8 8. b3 c6
9. Bb2 Na6 10. Re1 h6 11. Qc2 Nb4 12. Qd2 a5 13. a3 Na6 14. Rad1 Ne4 15. Qc2 Qf7
16. Nxe4 fxe4 17. Qxe4 a4 18. Qc2 axb3 19. Qxb3 b5 20. Rc1 Be6 21. d5 cxd5 22.
cxd5 Bxd5 23. Qc2 Nc5 24. Bxg7 Kxg7 25. Qb2+ Kh7 26. Red1 Bc4 27. Re1 Ne4 28.
Rf1 Ra4 29. Nd4 Nc5 30. Rc3 Qg7 31. Rd1 e5 32. Nc6 Qf6 33. Rf3 Qg7 34. Rc3 Ra6
35. Qc2 Qc7 36. Nb4 Ra7 37. Nd5 Qd8 38. e4 Raf7 39. Rd2 Ne6 40. Ne3 Nd4 41. Qb2
Rc7 42. h4 h5 43. Kh2 Rc5 44. a4 Qa5 45. axb5 Rxb5 46. Qa3 Qxa3 47. Rxa3 Be6 48.
Ra6 Rd8 49. Nc2 Rb2 50. Nxd4 Rxd2 51. Nxe6 Re8 52. Ng5+ Kg8 53. Nf3 Rxf2 54.
Rxd6 Rb8 55. Rd2 Rxd2 56. Nxd2 Kg7 57. Nc4 Kf6 58. Ne3 Rb2 59. g4 g5 60. hxg5+
Kxg5 61. gxh5 Kxh5 62. Nc4 Rb5 63. Kg3 Kg5 {Game drawn by mutual agreement}
1/2-1/2

[Event "Team 45 45 League T44"]
[Site "Internet Chess Club"]
[Date "2010.03.07"]
[Round "5"]
[White "TimM"]
[Black "andretta"]
[Result "1/2-1/2"]
[WhiteElo "2251"]
[BlackElo "2344"]
[Opening "Philidor: exchange variation"]
[ECO "C21"]
[Time "21:00:18"]
[TimeControl "2700+45"]

1. e4 e5 2. d4 exd4 3. Nf3 d6 4. Bc4 Be7 5. Nxd4 Nf6 6. Nc3 O-O 7. O-O a6 8. a4
Nxe4 9. Nxe4 d5 10. Bd3 dxe4 11. Bxe4 Nd7 12. Be3 Nf6 13. Bf3 c5 14. Ne2 Bg4 15.
Ng3 Qxd1 16. Bxd1 Rfd8 17. c4 Be6 18. b3 Ng4 19. Bxg4 Bxg4 20. h3 Be6 21. Ne4 b6
22. a5 Bf5 23. Ng3 Bd3 24. Rfd1 bxa5 25. Rxa5 Bxc4 26. Rxd8+ Bxd8 27. Ra3 Bb5
{Game drawn by mutual agreement} 1/2-1/2